 Dungeon Sprint DCSS version 0.23-a0-635-g88ca12a (webtiles) character file.

0 Lanoc the Skirmisher (level 1, -1/18 HPs)
             Began as a Mummy Monk on Dec 27, 2018.
             Was a Believer of Yredelemnul.
             Slain by a quokka (4 damage)
             ... in the Dungeon (Sprint VI: "Thunderdome").
             The game lasted 00:03:35 (81 turns).

Lanoc the Skirmisher (Mummy Monk)                     Turns: 81, Time: 00:03:36

Health: -1/18      AC:  2    Str: 14    XL:     1   Next: 8%
Magic:  1/1        EV: 13    Int:  9    God:    Yredelemnul [**....]
Gold:   200        SH:  0    Dex: 14    Spells: 0/0 levels left

rFire    x . .     SeeInvis .   a - +0 falchion
rCold    + . .     Gourm    .   (no shield)
rNeg     + + +     Faith    .   b - +0 robe
rPois    ∞         Spirit   .   (no helmet)
rElec    .         Reflect  .   (no cloak)
rCorr    .         Harm     .   (no gloves)
MR       .....     NoTele   +   (no boots)
Stlth    ++........             (no amulet)
HPRegen  0.06/turn              (no ring)
MPRegen  0.07/turn              (no ring)

@: no status effects
A: no food or potions, fire vulnerability, cold resistance 1, negative energy
resistance 3, torment resistance, unbreathing
a: Animate Remains, Recall Undead Slaves, Injury Mirror, Renounce Religion


You were in the Dungeon.
You worshipped Yredelemnul.
Yredelemnul was pleased with you.
You were not hungry.

You visited 1 branch You collected 200 gold pieces.

Inventory:

Hand Weapons
 a - a +0 falchion (weapon)
Armour
 b - a +0 robe (worn)
Wands
 d - a wand of acid (5)
 e - a wand of iceblast (5)
Scrolls
 c - 4 scrolls of blinking
 f - 3 scrolls of fog


   Skills:
 + Level 3.0 Fighting
 * Level 2.5 Long Blades
 + Level 0.2 Armour
 + Level 2.5 Dodging
 - Level 1.5 Stealth
 + Level 0.0 Invocations


You couldn't memorise any spells.
You didn't know any spells.
Your spell library was empty.

Dungeon Overview and Level Annotations

Branches:
Dungeon (1/1)

Altars:
Cheibriados
Dithmenos
Fedhas
Gozag
Kikubaaqudgha
Makhleb
Okawaru
Qazlal
Ru
Sif Muna
Trog
Uskayaw
Vehumet
Wu Jian
Xom
Yredelemnul
Zin
The Shining One
Beogh
Jiyva
Lugonu

Shops:
D *[%??*?*:[((!!!!


Innate Abilities, Weirdness & Mutations

You do not eat or drink.
Your flesh is vulnerable to fire.
You are immune to poison.
Your flesh is cold resistant. (rC+)
You are immune to negative energy. (rN+++)
You are immune to unholy pain and torment.
You can survive without breathing.


Message History

The quokka closely misses you.
You closely miss the quokka.
The quokka is moderately wounded.
The quokka bites you.
You barely miss the quokka.
The quokka is moderately wounded.
The quokka bites you. The quokka completely misses you.
You miss the quokka.
The quokka is moderately wounded.
The quokka bites you.
You closely miss the quokka.
The quokka is moderately wounded.
The quokka bites you but does no damage.
The quokka bites you.
* * * LOW HITPOINT WARNING * * *
You hit the quokka but do no damage.
The quokka is moderately wounded.
The quokka bites you.
You die...
Yredelemnul claims you as an undead slave.

##.....## ##∩.....∩##
#∩.......∩# #_......._#
#........_# #_......._#
###.........### #⌠....r@.....⌠#
######.8.........8.######
##∩___......###.......__∩##
###∩........8.# #.8†.......∩###
#.............###.............#
#⌠..........###...###..........⌠
#⌠..........# #.<.# #..........⌠
#⌠..........###...###..........⌠
##.............###.............#


You could see a quokka.

Vanquished Creatures
  A frilled lizard (D)
1 creature vanquished.

Notes
Turn   | Place    | Note
-------+----------+-------------------------------------------
     0 | D        | Lanoc the Mummy Monk began the quest for the Orb.
     0 | D        | Reached XP level 1. HP: 18/18 MP: 1/1
     3 | D        | Found a roughly hewn altar of Beogh.
     3 | D        | Found a burning altar of Makhleb.
     4 | D        | Found an ornate altar of the Wu Jian Council.
     5 | D        | Found a shadowy altar of Dithmenos.
     5 | D        | Found a stormy altar of Qazlal.
     5 | D        | Round 1.
     6 | D        | Found an ancient bone altar of Kikubaaqudgha.
     6 | D        | Found a viscous altar of Jiyva.
     6 | D        | Found a corrupted altar of Lugonu.
     6 | D        | Found Ickeuth's Magic Scroll Shop.
     6 | D        | Found Vaseasemp's Staff Store.
     7 | D        | Found Egynaw's Delicious Food.
     8 | D        | Found Yczeury's Jewellery.
     8 | D        | Found Qoyprocashu's Advanced Armour.
    14 | D        | Found a shimmering altar of Xom.
    14 | D        | Found a snail-covered altar of Cheibriados.
    14 | D        | Found a glowing golden altar of the Shining One.
    14 | D        | Found Igomar's Identification Station.
    19 | D        | Found a radiant altar of Vehumet.
    20 | D        | Found a deep blue altar of Sif Muna.
    21 | D        | Found a sacrificial altar of Ru.
    21 | D        | Found a basalt altar of Yredelemnul.
    21 | D        | Found a bloodstained altar of Trog.
    21 | D        | Found Duyvuczo's Premium Goods.
    21 | D        | Found Biphegg's Weapon Rack.
    22 | D        | Found Cosmel Hep's Miscellaneous Merchandise.
    22 | D        | Found Vuorosuchi's Basic Armour.
    25 | D        | Found a hide-covered altar of Uskayaw.
    26 | D        | Found a blossoming altar of Fedhas.
    27 | D        | Found a glowing silver altar of Zin.
    28 | D        | Found Tywiv's Do-It-Yourself Clinic.
    29 | D        | Found Ynwi's Bottled Wisdom.
    29 | D        | Found Tarusary's Distillery.
    29 | D        | Found an opulent altar of Gozag.
    29 | D        | Found an iron altar of Okawaru.
    29 | D        | Found Kyis Ved's Distillery.
    37 | D        | Found Tuzivafi's Must-Have Magic.
    37 | D        | Found Suvustem's Magic Scroll Shop.
    55 | D        | Became a worshipper of Yredelemnul the Dark
    55 | D        | Reached * piety under Yredelemnul
    55 | D        | Reached ** piety under Yredelemnul
    81 | D        | Slain by a quokka

Vault maps used:
D:        arena_sprint

Action                   || total
-------------------------++-------
Melee: Falchion          ||    11
Armor: Robe              ||     3
Dodge: Dodged            ||     6

Table legend:
 A = Non-vault XP
 B = Vault XP
 C = Vault XP percentage of total XP
 D = Non-vault monster count
 E = Vault monster count
 F = Vault count percentage of total count
                 A         B        C        D         E       F
            +---------+---------+-------+---------+---------+-------
      Total |       1 |       0 |   0.0 |       1 |       0 |   0.0
            +---------+---------+-------+---------+---------+-------
          D |       1 |       0 |   0.0 |       1 |       0 |   0.0
            +---------+---------+-------+---------+---------+-------
